 Dungeon Crawl Stone Soup version 0.28.0-53-g5a82cb258f (webtiles) character file.

Game seed: 4175677264017509055

684 Plasmagod the Cleaver (level 7, -1/57 HPs)
             Began as a Minotaur Fighter on July 30, 2022.
             Slain by an ogre
             ... wielding a +0 giant club
              (6 damage)
             ... on level 4 of the Dungeon.
             The game lasted 00:06:35 (2750 turns).

Plasmagod the Cleaver (Minotaur Fighter)            Turns: 2750, Time: 00:06:36

Health: -1/57      AC:  8    Str: 23    XL:     7   Next: 35%
Magic:  6/6        EV: 10    Int:  5    God:
Gold:   98         SH:  4    Dex:  9    Spells: 6/6 levels left

rFire   . . .      SeeInvis .   a - +0 war axe
rCold   . . .      Faith    .   c - +0 buckler
rNeg    . . .      Spirit   .   l - +3 ring mail
rPois   .          Reflect  .   (helmet restricted)
rElec   .          Harm     .   (no cloak)
rCorr   +          Rampage  .   (no gloves)
Will    .....                   (no boots)
Stlth   ..........              (no amulet)
HPRegen 0.19/turn               i - ring of resist corrosion
MPRegen 0.10/turn               (no ring)

@: no status effects
A: horns 2, retaliatory headbutt
a: no special abilities


You were on level 4 of the Dungeon.
You visited 1 branch of the dungeon, and saw 4 of its levels.

You collected 98 gold pieces.

Inventory:

Hand Weapons
 a - a +0 war axe (weapon)
Armour
 c - a +0 buckler (worn)
 l - a +3 ring mail (worn)
Jewellery
 i - a ring of resist corrosion (left hand)
Wands
 m - a wand of flame (22)
 q - a wand of iceblast (7)
Scrolls
 f - a scroll of enchant armour {unknown}
 g - a scroll of fog {unknown}
 h - a scroll of vulnerability {unknown}
 j - a scroll of amnesia {unknown}
 n - 3 scrolls of identify {unknown}
 o - a scroll of noise {unknown}
Potions
 d - a potion of might
 e - a potion of resistance {unknown}
 k - 2 potions of curing {unknown}
 p - 2 potions of brilliance {unknown}


   Skills:
 - Level 3.6 Fighting
 + Level 10.0 Axes
 - Level 3.6 Armour
 - Level 3.6 Shields


You had 6 spell levels left.
You didn't know any spells.
Your spell library was empty.

Dungeon Overview and Level Annotations

Branches:
Dungeon (4/15)
 Temple: D:4-7

Altars:
Kikubaaqudgha


Innate Abilities, Weirdness & Mutations

You have a pair of horns on your head.
You reflexively headbutt those who attack you in melee.


Message History

The hound skeleton bites you. You block the hound's attack.
You hit the hound.
You kill the hound!
You hit the hound skeleton. You hit the ogre.
The hound skeleton bites you but does no damage.
The ogre hits you with a +0 giant club!!
Ouch! That really hurt!
* * * LOW HITPOINT WARNING * * *
The hound skeleton bites you but does no damage.
You see here 9 gold pieces.
There is a stone staircase leading up here.
You climb upwards.
There is a stone staircase leading down here.
You start resting.
HP restored.
You climb downwards.
The hound skeleton bites you but does no damage.
The ogre closely misses you.
The hound skeleton bites you but does no damage.
The ogre hits you with a +0 giant club!!
There is a stone staircase leading up, spattered with blood here.
You slash the hound skeleton!
You destroy the hound skeleton!
You hit the ogre.
Your Axes skill increases to level 10!
You barely miss the ogre.
The ogre is lightly wounded.
The ogre hits you with a +0 giant club!!
* * * LOW HITPOINT WARNING * * *
You barely miss the ogre.
The ogre is lightly wounded.
The ogre hits you with a +0 giant club!
* * * LOW HITPOINT WARNING * * *
You hit the ogre.
The ogre is moderately wounded.
The ogre completely misses you.
You hit the ogre. You headbutt the ogre.
The ogre is severely wounded.
The ogre hits you with a +0 giant club.
You die...

...............#
...............#
...............#
...............#
.............#.#
...............#
.....>.>....##..#
..........O.#
...#
.........@..# ...
...........## #.
...........#
........##
.......## .....##
....# ....


You could see an ogre.

Vanquished Creatures
  Sigmund (D:2)
  A black bear (D:3)
  A phantom (D:4)
  A hound (D:4)
  An orc priest (D:3)
  Jessica (D:2)
  Ijyb (D:3)
  Natasha (thrice) (D:2)
  Terence (D:2)
  An orc wizard (D:3)
  A hound zombie (D:3)
  A hound skeleton (D:4)
  Robin (D:2)
  A worm (D:2)
  3 dart slugs
  3 orcs (D:3)
  5 ball pythons
  3 endoplasms
  6 giant cockroaches
  9 goblins
  6 hobgoblins
  3 quokkas
  4 bats
  4 frilled lizards
  5 kobolds
  8 rats
  3 rat zombies (D:3)
78 creatures vanquished.

Notes
Turn   | Place    | Note
-------+----------+-------------------------------------------
     0 | D:1      | Plasmagod the Minotaur Fighter began the quest for the Orb.
     0 | D:1      | Reached XP level 1. HP: 19/19 MP: 0/0
    37 | D:1      | Reached skill level 3 in Axes
    64 | D:1      | Reached XP level 2. HP: 23/26 MP: 1/1
   185 | D:1      | Reached skill level 4 in Axes
   424 | D:1      | Found a faded altar of an unknown god.
   651 | D:2      | Reached XP level 3. HP: 31/31 MP: 2/2
   653 | D:2      | Noticed Robin
   669 | D:2      | Killed Robin
   952 | D:2      | Reached skill level 5 in Axes
   978 | D:2      | Noticed Natasha
   984 | D:2      | Killed Natasha
   985 | D:2      | Reached XP level 4. HP: 35/39 MP: 3/3
  1104 | D:2      | Noticed Jessica
  1124 | D:2      | Killed Jessica
  1182 | D:2      | Noticed Natasha
  1186 | D:2      | Reached skill level 6 in Axes
  1194 | D:2      | Killed Natasha
  1248 | D:2      | Reached XP level 5. HP: 45/45 MP: 4/4
  1303 | D:2      | Noticed Terence
  1308 | D:2      | Killed Terence
  1376 | D:2      | Noticed Natasha
  1381 | D:2      | Killed Natasha
  1568 | D:2      | Noticed Sigmund
  1594 | D:2      | Killed Sigmund
  1595 | D:2      | Reached skill level 8 in Axes
  1595 | D:2      | Reached XP level 6. HP: 26/51 MP: 5/5
  2088 | D:3      | Reached skill level 9 in Axes
  2094 | D:3      | Reached XP level 7. HP: 57/57 MP: 6/6
  2164 | D:3      | Noticed Ijyb
  2184 | D:3      | Killed Ijyb
  2400 | D:3      | Found an ancient bone altar of Kikubaaqudgha.
  2747 | D:4      | Reached skill level 10 in Axes
  2750 | D:4      | Slain by an ogre

Illustrated notes

Levels and vault maps discovered:
D:1:      dpeg_arrival_radiant, layout_basic,
          hellmonk_ecumenical_altar_pennies_from_heaven, interstate_on_off
D:2:      layout_loops_ring, uniq_robin, uniq_sigmund, uniq_terence,
          uniq_jessica, uniq_natasha
D:3:      layout_rooms, lemuel_zombie_altar_kikubaaqudgha, grunt_decor_cap,
          uniq_ijyb
D:4:      layout_layer_cave, grunt_temple_overflow_open,
          minmay_temple_entry_trees, ebering_dispersal_statue_hall,
          kennysheep_donut

Skill      XL: |  1  2  3  4  5  6  7 |
---------------+----------------------+-----
Axes           | 3 4 5 6 8 9 10 | 10.0
Fighting       | |  3.6
Armour         | |  3.6
Shields        | |  3.6

Action                   |  1- 3 |  4- 6 |  7- 9 || total
-------------------------+-------+-------+-------++-------
Melee: War axe           |    68 |    74 |    52 ||   194
       Headbutt          |     7 |     7 |     9 ||    23
Armor: Scale mail        |    36 |     8 |       ||    44
       Ring mail         |       |    19 |    22 ||    41
Dodge: Dodged            |    36 |    42 |    16 ||    94
Block: Buckler           |    24 |    19 |    12 ||    55
